 Dungeon Crawl Stone Soup version 0.28.0-53-g5a82cb258f (webtiles) character file.

Game seed: 11370592712864843956

194 bnorton916 the Magician (level 5, -10/28 HPs)
             Began as a Deep Elf Fire Elementalist on June 2, 2022.
             Mangled by Terence
             ... wielding a +6 morningstar of protection
              (15 damage)
             ... on level 3 of the Dungeon.
             The game lasted 00:03:07 (4150 turns).

bnorton916 the Magician (DEFE)                      Turns: 4150, Time: 00:03:07

Health: -10/28     AC:  2    Str:  5    XL:     5   Next: 44%
Magic:  8/14       EV: 12    Int: 22    God:
Gold:   93         SH:  0    Dex: 15    Spells: 13/14 levels left

rFire   . . .      SeeInvis .   (no weapon)
rCold   . . .      Faith    .   (no shield)
rNeg    . . .      Spirit   .   a - +0 robe
rPois   .          Reflect  .   (no helmet)
rElec   .          Harm     .   (no cloak)
rCorr   .          Rampage  .   (no gloves)
Will    .....                   (no boots)
Stlth   ++........              (no amulet)
HPRegen 0.09/turn               (no ring)
MPRegen 0.14/turn               (no ring)

@: no status effects
A: no striking features
a: no special abilities


You were on level 3 of the Dungeon.
You visited 1 branch of the dungeon, and saw 3 of its levels.

You collected 93 gold pieces.

Inventory:

Missiles
 e - 5 poisoned darts
 g - 94 stones
Armour
 a - a +0 robe (worn)
Jewellery
 b - an amulet of the acrobat
 h - the amulet "Davet" {Spirit *Corrode rElec Dex+6}
   (You found it on level 2 of the Dungeon)

   [amulet of guardian spirit]

   It causes incoming damage to be divided between your reserves of health and
   magic.
   Dex:       It affects your dexterity (+6).
   rElec:     It insulates you from electricity.
   *Corrode:  It may corrode you when you take damage.
Scrolls
 c - a scroll of blinking {unknown}
 f - 2 scrolls of enchant weapon {unknown}
 i - a scroll of identify {unknown}
 j - a scroll of vulnerability {unknown}
 k - 2 scrolls of teleportation {unknown}
 l - a scroll of silence {unknown}
 m - a scroll of brand weapon {unknown}
 p - a scroll of magic mapping {unknown}
Potions
 d - 2 potions of heal wounds {unknown}
 n - a potion of invisibility {unknown}
 o - a potion of curing {unknown}
 q - a potion of berserk rage {unknown}


   Skills:
 - Level 2.4 Dodging
 - Level 2.4 Stealth
 + Level 5.1 Spellcasting
 + Level 3.4 Conjurations
 + Level 4.7 Fire Magic


You had 13 spell levels left.
You knew the following spells:

 Your Spells              Type           Power      Damage    Failure   Level
a - Foxfire               Conj/Fire      92%        2x1d8     1%          1

Your spell library contained the following spells:

 Spells                   Type           Power      Damage    Failure   Level
 Scorch                   Fire           52%        2d8       2%          2
 Conjure Flame            Conj/Fire      23%        6-21      5%          3
 Inner Flame              Hex/Fire       16%        N/A       12%         3
 Flame Wave               Conj/Fire      23%        2d7       19%         4
 Fireball                 Conj/Fire      11%        3d7       45%         5
 Iskenderun's Battlesphe  Conj           20%        2d7       54%         5
 Conjure Ball Lightning   Conj/Air       6%         3x3d6     100%        6
 Orb of Destruction       Conj           10%        9d6       100%        7


Dungeon Overview and Level Annotations

Branches:
Dungeon (3/15)

Altars:

Annotations:
D:3 Terence


Message History

The foxfire hits Terence.
Terence is moderately wounded.
The foxfire hits Terence but does no damage.
Terence is moderately wounded.
Casting: Foxfire (safe; 1% risk of failure)
Confirm with . or Enter, or press ? or * to list all spells.
You conjure some foxfire!
The foxfire hits Terence but does no damage.
Terence is moderately wounded.
The foxfire hits Terence but does no damage.
Terence is moderately wounded.
Casting: Foxfire (safe; 1% risk of failure)
Confirm with . or Enter, or press ? or * to list all spells.
You conjure some foxfire!
The foxfire hits Terence but does no damage.
Terence is moderately wounded.
Terence hits you with a +6 morningstar of protection!
Casting: Foxfire (safe; 1% risk of failure)
Confirm with . or Enter, or press ? or * to list all spells.
You conjure some foxfire!
Terence hits you with a +6 morningstar of protection!
* * * LOW HITPOINT WARNING * * *
The foxfire hits Terence but does no damage.
Terence is moderately wounded.
Terence closely misses you.
Casting: Foxfire (safe; 1% risk of failure)
Confirm with . or Enter, or press ? or * to list all spells.
You conjure some foxfire!
Terence barely misses you.
The foxfire hits Terence.
Terence is moderately wounded.
Terence hits you with a +6 morningstar of protection.
* * * LOW HITPOINT WARNING * * *
Press: ? - help, v - describe, . - travel
Here: Terence, wielding a +6 morningstar of protection and wearing a +0 scale mail (moderately wounded)
The floor.
Press: ? - help, v - describe, . - travel The floor.
Terence hits you with a +6 morningstar of protection!
Ouch! That really hurt!
You die...

#.# #.# #.# #.# # #.#
#.######.## #.#
#.#........
####.##########.........#
#...............#.#####.
##.##.##########.#.#
..#...# ....†.....#
##.#### ######@#######.
##.# #.@.......
...#####.# ##########
.........# ##########


You could see Terence.

Vanquished Creatures
  A gnoll shaman (D:3)
  Jessica (D:2)
  4 adders
  3 gnolls (D:3)
  4 dart slugs
  3 worms
  2 orcs
  4 bats
  4 endoplasms
  4 giant cockroaches
  4 goblins
  3 hobgoblins
  2 jackals (D:2)
  3 kobolds
  4 quokkas
  8 ball pythons
  4 frilled lizards
  2 rats
60 creatures vanquished.

Vanquished Creatures (others)
  318 foxfires
318 creatures vanquished.

Grand Total: 378 creatures vanquished

Notes
Turn   | Place    | Note
-------+----------+-------------------------------------------
     0 | D:1      | bnorton916 the Deep Elf Fire Elementalist began the quest
                  | for the Orb.
     0 | D:1      | Reached XP level 1. HP: 10/10 MP: 6/6
   486 | D:1      | Reached XP level 2. HP: 15/15 MP: 4/8
  1344 | D:2      | Identified the amulet "Davet" {Spirit *Corrode rElec Dex+6}
  1574 | D:2      | Reached XP level 3. HP: 19/19 MP: 8/10
  1731 | D:2      | Noticed Jessica
  1735 | D:2      | Reached skill level 4 in Spellcasting
  1745 | D:2      | Killed Jessica
  1746 | D:2      | Reached XP level 4. HP: 7/24 MP: 4/12
  3517 | D:3      | Reached XP level 5. HP: 23/28 MP: 11/14
  3528 | D:3      | Reached skill level 5 in Spellcasting
  4131 | D:3      | Noticed Terence
  4150 | D:3      | Mangled by Terence

Illustrated notes

Levels and vault maps discovered:
D:1:      arrival_zaba_pyramid, layout_loops_ring, nicolae_figureground_pulse
D:2:      layout_basic, minivault_5, hex_large, minmay_misc_feat_alley,
          uniq_jessica
D:3:      layout_loops_ring, minmay_misc_feat_tower, uniq_terence

Skill      XL: |  1  2  3  4  5 |
---------------+----------------+-----
Conjurations   | 2 3 |  3.4
Spellcasting   | 4 5 |  5.1
Fire Magic     | 4 |  4.7
Dodging        | |  2.4
Stealth        | |  2.4

Action                   |  1- 3 |  4- 6 || total
-------------------------+-------+-------++-------
 Cast: Foxfire           |    85 |   119 ||   204
Armor: Robe              |     1 |     3 ||     4
Dodge: Dodged            |     5 |    14 ||    19
